Construct Infanterie Kompanie
Selects Italian Coastal Battlegroup
Selects Artillery Officer
Construct Panzergrenadier Kompanie
Selects Designated Artillery Overwatch
Nebelwerfer 42 Rocket Launcher Team
Nebelwerfer 42 Rocket Launcher Team
Designated Artillery Overwatch
Selects Call the Reserves!
Construct Panzer Kompanie
Selects Obice da 210/22 Artillery Emplacement